 Dungeon Crawl Stone Soup version 0.30-a0-311-gf115ab0292 (webtiles) character file.

Game seed: 10953258048252235139

9991 runemasterragnar the Changer (level 11, 0/110 HPs)
             Began as a White Draconian Transmuter on Oct 26, 2022.
             Was a High Priest of Vehumet.
             Hit by a large rock thrown by a cyclops (20 damage)
             ... on level 11 of the Dungeon.
             The game lasted 00:23:53 (11651 turns).

runemasterragnar the Changer (DrTm)                Turns: 11651, Time: 00:23:54

Health: 0/110      AC:  8    Str: 16    XL:     11   Next: 30%
Magic:  3/30       EV: 11    Int: 15    God:    Vehumet [*****.]
Gold:   472        SH:  0    Dex: 11    Spells: 8/24 levels left

rFire   x . .      SeeInvis .      - Unarmed
rCold   + + +      Faith    +    (shield currently unavailable)
rNeg    . . .      Spirit   .    (body armour unavailable)
rPois   +          Reflect  .    (helmet currently unavailable)
rElec   .          Harm     .    (cloak currently unavailable)
rCorr   .          Rampage  .    (gloves currently unavailable)
Will    .....                    (boots currently unavailable)
Stlth   +.........               h - amulet of faith
HPRegen 0.38/turn                d - ring of wizardry
MPRegen 0.22/turn                y - ring of magical power

@: ice-form
A: freezing attack, amphibious, boosted hp, (breathe frost), AC +7, large,
unfitting armour, (cold resistance 1), (cold-blooded)
a: End Transformation, Renounce Religion


You were on level 11 of the Dungeon.
You worshipped Vehumet.
Vehumet was extremely pleased with you.
You were a creature of crystalline ice.
You visited 1 branch of the dungeon, and saw 11 of its levels.
You also visited: Bailey.

You collected 472 gold pieces.

Inventory:

Hand Weapons
 t - the +10 rapier of Untruth (melded) {vamp, rF+ rN+}
   (You found it on level 5 of the Dungeon)

   It occasionally heals its wielder for a portion of the damage dealt when it
   wounds a living foe.
   rF:        It protects you from fire.
   rN:        It protects you from negative energy.
 A - the +4 long sword "Cekker" {vamp, rPois Str+2}
   (You found it on level 7 of the Dungeon)

   It occasionally heals its wielder for a portion of the damage dealt when it
   wounds a living foe.
   Str:       It affects your strength (+2).
   rPois:     It protects you from poison.
 C - the +9 staff of Olgreb {rPois∞}
   (You found it on level 8 of the Dungeon)

   If the wielder is skilled in Evocations, they can envenom those struck by it,
   dealing poison damage which bypasses armour.
   It enhances your poison magic.
   It grants immunity to poison.
   It can be activated via the 'a'bility menu to radiate toxic energy, with
   effectiveness depending on Evocations skill.
Missiles
 k - 67 stones (quivered)
 E - 4 large rocks
Armour
 p - a +2 cloak of stealth (melded)
 r - a +2 pair of gloves (melded)
 s - a +0 pair of boots (melded)
 F - a scarf of invisibility
Jewellery
 a - a ring of ice
 d - a ring of wizardry (left front paw)
 h - an amulet of faith (around neck)
 y - a ring of magical power (right front paw)
Wands
 n - a wand of charming (5)
 z - a wand of flame (6)
Scrolls
 b - 2 scrolls of magic mapping
 e - 2 scrolls of teleportation
 f - a scroll of vulnerability {unknown}
 i - 2 scrolls of poison {unknown}
 l - a scroll of blinking
 o - 3 scrolls of identify
 x - a scroll of fear
 B - a scroll of noise {unknown}
Potions
 c - a potion of attraction {unknown}
 g - 2 potions of mutation
 j - 4 potions of curing
 m - a potion of resistance
 q - a potion of magic
 u - a potion of brilliance
 v - a potion of experience {unknown}
 w - a potion of might
 D - a potion of cancellation {unknown}


   Skills:
 + Level 7.3 Fighting
 + Level 6.3 Dodging
 + Level 7.2 Unarmed Combat
 + Level 7.1 Spellcasting
 + Level 7.6 Transmutations
 - Level 5.6 Ice Magic
 + Level 7.5 Earth Magic


You had 8 spell levels left.
You knew the following spells:

 Your Spells              Type           Power      Damage    Failure   Level
a - Beastly Appendage     Tmut           56%        N/A       1%          1
b - Wereblood             Tmut           28%        N/A       1%          2
c - Spider Form           Tmut/Pois      16%        N/A       3%          3
d - Sandblast             Erth           54%        2d13      1%          1
e - Ice Form              Ice/Tmut       25%        N/A       3%          4
f - Lee's Rapid Deconstr  Erth           13%        3d9*      2%          5

Your spell library contained the following spells:

 Spells                   Type           Power      Damage    Failure   Level
 Iskenderun's Mystic Bla  Conj/Tloc      5%         2d3       14%         4
 Gell's Gravitas          Tloc           5%         N/A       16%         3
 Lesser Beckoning         Tloc           10%        N/A       16%         3
 Teleport Other           Tloc           5%         N/A       16%         3


Dungeon Overview and Level Annotations

Branches:
Dungeon (11/15)            Temple (0/1) D:6          Bailey (visited)
   Lair: D:8-11         Orc: D:9-12

Altars:
Cheibriados
Dithmenos
Fedhas
Kikubaaqudgha
Okawaru
Vehumet
Wu Jian
Xom
Yredelemnul
Zin
The Shining One
Lugonu

Shops:
D:6 =

Annotations:
D:5 1 runed translucent door, Hubris850's ghost, novice TrBe
D:7 2 transporters, pokeman's ghost, novice DEHW
D:8 1 runed translucent door
D:9 Erica
D:11 1 runed translucent door


Innate Abilities, Weirdness & Mutations

You are a creature of crystalline ice.
You have a powerful freezing melee attack.
You are amphibious.
Your maximum health is increased.
Your armour is entirely melded.
You are incapable of wielding weapons or throwing items.
((You can breathe waves of freezing cold which knock back foes.))
((Your icy white scales are hard. (AC +7)))
You cannot fit into any form of body armour.
((Your flesh is cold resistant. (rC+)))
((You are cold-blooded and may be slowed by cold attacks.))


Message History

Confirm with . or Enter, or press ? or * to list all spells.
Aiming: Lee's Rapid Deconstruction (dangerous; 2% risk of failure)
Press: ? - help, Dir - move target A rock wall.
The wall shatters!
The blast of rock fragments hits the troll!
The troll is severely wounded.
The troll bites you but does no damage. The troll barely misses you. x2
Unknown command.
Casting: Lee's Rapid Deconstruction (dangerous; 2% risk of failure)
Confirm with . or Enter, or press ? or * to list all spells.
Aiming: Lee's Rapid Deconstruction (dangerous; 2% risk of failure)
Press: ? - help, Dir - move target A rock wall.
The wall shatters!
The blast of rock fragments hits the troll.
The troll is almost dead.
You hear a howl!
The troll bites you!
* * * LOW HITPOINT WARNING * * *
The troll claws you!
* * * LOW HITPOINT WARNING * * *
The troll claws you but does no damage.
Unknown command.
Unknown command.
Casting: Lee's Rapid Deconstruction (dangerous; 2% risk of failure)
Confirm with . or Enter, or press ? or * to list all spells.
Aiming: Lee's Rapid Deconstruction (dangerous; 2% risk of failure)
Press: ? - help, Dir - move target A rock wall.
The wall shatters!
The blast of rock fragments hits the troll!!
You kill the troll!
Vehumet accepts your kill.
The troll leather armour is intact enough to wear.
The blast of rock fragments hits the cyclops!
The cyclops is heavily wounded.
You hear a howl!
The cyclops throws a large rock.
The large rock hits you!!
You die...

##### .... ...
#### ..### #..
#...# #.#
##...#
#Y###....§##
#[##§C....§#
#.#.§....§§.#
#.C§..........
#.§§§.._..§.§.
#..§§.....§§§.
###§§§....§§##
##§§§..§§##
##§§..§##


You could see a cyclops.

Vanquished Creatures
  A two-headed ogre (D:10)
  A cyclops (D:10)
  Joseph (D:7)
  A gargoyle (D:10)
  3 kobold demonologists (D:10)
  A troll (D:11)
  Prince Ribbit (D:7)
  19 yaks
  A redback (D:8)
  An acid dragon (D:9)
  4 water moccasins
  A sky beast (D:7)
  6 orc warriors
  A black bear (D:6)
  A centaur (D:9)
  A kobold brigand (D:10)
  A necrophage (D:4)
  3 bullfrogs (D:7)
  18 scorpions
  2 wights (D:7)
  17 killer bees
  A howler monkey (D:9)
  2 orc priests
  Crazy Yiuf (D:4)
  4 jellies
  An iron imp (D:5)
  A gnoll bouda (D:9)
  5 iguanas
  6 orc wizards
  12 gnolls
  8 adders
  A shadow imp (D:5)
  3 white imps
  2 worms (D:2)
  A dart slug (D:2)
  19 orcs
  4 endoplasms
  3 giant cockroaches
  10 goblins
  12 hobgoblins
  A quokka (D:4)
  3 ball pythons
  5 bats
  A frilled lizard (D:3)
  11 kobolds
  10 rats
212 creatures vanquished.

Vanquished Creatures (collateral kills)
  A bullfrog (D:6)
  An orc priest (D:6)
  2 orcs (D:6)
  A goblin (D:7)
5 creatures vanquished.

Vanquished Creatures (others)
  A black bear (D:7)
  A wight (D:7)
  An orc wizard (D:7)
  A goblin (D:7)
  3 demonic plants (D:10)
  60 fungi
  58 plants
125 creatures vanquished.

Grand Total: 342 creatures vanquished

Notes
Turn   | Place    | Note
-------+----------+-------------------------------------------
     0 | D:1      | runemasterragnar the Draconian Transmuter began the quest
                  | for the Orb.
     0 | D:1      | Reached XP level 1. HP: 16/16 MP: 3/3
   344 | D:1      | Reached XP level 2. HP: 11/23 MP: 5/5
   739 | D:1      | Learned a level 2 spell: Wereblood
   929 | D:2      | Reached XP level 3. HP: 29/29 MP: 4/6
  1326 | D:2      | Found a faded altar of an unknown god.
  1460 | D:2      | Prayed at the altar of an unknown god.
  1460 | D:2      | Became a worshipper of Vehumet
  1460 | D:2      | Reached * piety under Vehumet
  1460 | D:2      | Offered knowledge of Sandblast by Vehumet.
  1465 | D:2      | Learned a level 3 spell: Spider Form
  1917 | D:3      | Reached XP level 4. HP: 36/36 MP: 5/7
  1924 | D:3      | Learned a level 1 spell: Sandblast
  2206 | D:3      | Reached skill level 1 in Earth Magic
  2396 | D:3      | Found an ornate altar of the Wu Jian Council.
  2781 | D:4      | Noticed a scorpion
  2782 | D:4      | Noticed a scorpion
  2791 | D:4      | Killed a scorpion
  2792 | D:4      | Reached XP level 5. HP: 42/42 MP: 9/9
  2999 | D:4      | Found a blossoming altar of Fedhas.
  3067 | D:4      | Reached XP level 6. HP: 38/50 MP: 2/10
  3312 | D:4      | Found an ancient bone altar of Kikubaaqudgha.
  3352 | D:4      | Found a runed translucent door.
  3353 | D:4      | Noticed Crazy Yiuf
  3798 | D:4      | Your scales start taking on an icy white colour.
  3798 | D:4      | Reached XP level 7. HP: 34/57 MP: 9/11
  3798 | D:4      | Gained mutation: Your flesh is cold resistant. (rC+) [White
                  | Draconian growth]
  3813 | D:4      | Learned a level 4 spell: Ice Form
  4117 | D:4      | Killed Crazy Yiuf
  4117 | D:4      | Offered knowledge of Static Discharge by Vehumet.
  4316 | D:5      | Entered Level 5 of the Dungeon
  4330 | D:5      | Reached skill level 1 in Ice Magic
  4494 | D:5      | Reached ** piety under Vehumet
  4763 | D:5      | Found a runed translucent door.
  4769 | D:5      | Noticed Hubris850's ghost (novice TrBe)
  4913 | D:5      | Identified the +10 rapier of Untruth {vamp, rF+ rN+}
  5075 | D:5      | Found a snail-covered altar of Cheibriados.
  5368 | D:6      | Found a staircase to the Ecumenical Temple.
  5469 | D:6      | Reached XP level 8. HP: 63/63 MP: 13/13
  6027 | D:6      | Found Pimuymoi's Jewellery Emporium.
  6172 | D:6      | Reached skill level 5 in Ice Magic
  6566 | D:7      | Noticed Prince Ribbit
  6572 | D:7      | Found a shimmering altar of Xom.
  6572 | D:7      | Found a glowing silver altar of Zin.
  6572 | D:7      | Noticed an angel
  6593 | D:7      | Found a flagged portal.
  6628 | Bailey   | Entered a bailey
  6974 | Bailey   | Offered knowledge of Scorch by Vehumet.
  7330 | Bailey   | Reached *** piety under Vehumet
  7376 | Bailey   | Reached skill level 5 in Earth Magic
  7534 | Bailey   | Noticed an orc knight
  7538 | Bailey   | Noticed an orc high priest
  7538 | Bailey   | Noticed an orc sorcerer
  7541 | Bailey   | Noticed a red devil
  7545 | Bailey   | Noticed a rust devil
  7666 | D:7      | Reached skill level 5 in Transmutations
  7666 | D:7      | Reached XP level 9. HP: 71/71 MP: 16/16
  7708 | D:7      | Noticed a cyan ugly thing
  7709 | D:7      | Noticed pokeman's ghost (novice DEHW)
  7719 | D:7      | Found a transporter.
  7735 | D:7      | Noticed Joseph
  7737 | D:7      | Reached skill level 5 in Spellcasting
  7752 | D:7      | Killed Joseph
  7889 | D:7      | Found a transporter.
  7901 | D:7      | Reached skill level 5 in Unarmed Combat
  7924 | D:7      | Identified the +4 long sword "Cekker" {vamp, rPois Str+2}
  8050 | D:7      | Killed Prince Ribbit
  8222 | D:7      | Offered knowledge of Stone Arrow by Vehumet.
  8335 | D:8      | Found the +9 staff of Olgreb {rPois∞}
  8342 | D:8      | Found a runed translucent gate.
  8342 | D:8      | Found a runed translucent gate.
  8343 | D:8      | Found a runed translucent door.
  8353 | D:8      | Found a runed translucent gate.
  8356 | D:8      | Found a runed translucent door.
  8365 | D:8      | Reached skill level 5 in Fighting
  8432 | D:8      | Reached XP level 10. HP: 81/81 MP: 18/18
  8439 | D:8      | Reached **** piety under Vehumet
  8453 | D:8      | Offered knowledge of Lee's Rapid Deconstruction by Vehumet.
  8709 | D:8      | Learned a level 5 spell: Lee's Rapid Deconstruction
  8848 | D:9      | Reached skill level 5 in Dodging
  8859 | D:9      | Found an iron altar of Okawaru.
 10061 | D:9      | Found a glowing golden altar of the Shining One.
 10078 | D:9      | Found a basalt altar of Yredelemnul.
 10089 | D:9      | Noticed Erica
 10440 | D:10     | Entered Level 10 of the Dungeon
 10466 | D:10     | Noticed a cyclops
 10477 | D:10     | Killed a cyclops
 10532 | D:10     | Noticed a smoke demon
 10556 | D:10     | Reached XP level 11. HP: 89/91 MP: 17/21
 10559 | D:10     | Reached ***** piety under Vehumet
 10619 | D:10     | Found a corrupted altar of Lugonu.
 10660 | D:10     | Offered knowledge of Iskenderun's Mystic Blast by Vehumet.
 11010 | D:10     | Noticed a two-headed ogre
 11021 | D:10     | Killed a two-headed ogre
 11589 | D:11     | Found a runed translucent door.
 11622 | D:11     | Found a shadowy altar of Dithmenos.
 11651 | D:11     | Hit by a large rock thrown by a cyclops

Illustrated notes

Levels and vault maps discovered:
D:1:      wander_arrival_desolate, layout_loops_ring, hangedman_decor_opposing,
          serial_bayou_pond_c, st_stairs_6, corner_web_ring,
          ebering_dispersal_statue_hall
D:2:      layout_loops_ring, serial_bayou, serial_bayou_lagoon_b,
          serial_bayou_crossing, serial_bayou_lagoon_a, serial_bayou_pond_a,
          chequers_ecumenical_altar_grove
D:3:      layout_basic, nicolae_overflow_crystal_walls
D:4:      old_forge, layout_basic, mainiacjoe_overflow_tiny_flanked,
          mainiacjoe_overflow_boulevard, uniq_crazy_yiuf_cottage
D:5:      layout_cave_pools, slow_altar_2, ebering_ghost_sewer_d, st_stairs_13
D:6:      layout_loops_ring, minmay_temple_entry_statues_fountains,
          serial_shops, nicolae_inconvenience_store
D:7:      layout_rooms, grunt_temple_overflow_order_and_chaos_1,
          nzn_ghost_randoct, enter_bailey_3, minivault_27, uniq_joseph,
          uniq_prince_ribbit1
D:8:      layout_loops_ring, due_lair_maze_entry_diamond,
          minmay_misc_feat_doors, minmay_guarded_unrand_staff_of_olgreb
D:9:      layout_gridville, grunt_temple_overflow_holy_war,
          okawaru_metal_pillars_1_2, kennysheep_generic_room_11, uniq_erica
D:10:     kennysheep_kobold_lugonu_temple, layout_long_grid, dk_noncrumbling_3
D:11:     layout_loops_ring, hellmonk_ghost_happy_afterlife,
          nicolae_dithmenos_the_darkroom, uniq_grum, uniq_nergalle, uniq_urug

Skill      XL: |  1  2  3  4  5  6  7  8  9 10 11 |
---------------+----------------------------------+-----
Dodging        | 2 3 4 5 6 |  6.3
Fighting       | 2 3 4 5 6 7 |  7.3
Earth Magic    | 1 2 3 5 6 7 |  7.5
Transmutations | 3 4 5 6 7 |  7.6
Spellcasting   | 3 4 5 6 7 |  7.1
Unarmed Combat | 4 5 6 7 |  7.2
Ice Magic      | 3 5 |  5.6

Action                   |  1- 3 |  4- 6 |  7- 9 | 10-12 || total
-------------------------+-------+-------+-------+-------++-------
Melee: Unarmed           |    89 |    88 |    59 |    41 ||   277
       Kick              |    16 |     8 |    34 |    45 ||   103
       Tailslap          |    11 |     5 |    34 |    31 ||    81
       Headbutt          |     9 |     4 |    18 |    29 ||    60
       Punch             |     1 |     1 |     3 |     4 ||     9
       Rapier            |       |       |   197 |   174 ||   371
Throw: Boomerang         |       |       |     5 |     1 ||     6
 Cast: Beastly Appendage |    26 |    15 |    19 |    11 ||    71
       Spider Form       |       |     4 |     7 |       ||    11
       Wereblood         |       |     2 |     7 |     9 ||    18
       Sandblast         |       |     2 |     5 |    22 ||    29
       Ice Form          |       |       |     2 |     2 ||     4
       Lee's Rapid Decon |       |       |       |    18 ||    18
 Abil: Breathe Frost     |       |       |     8 |     5 ||    13
Evoke: Wand              |       |       |     5 |       ||     5
  Use: Potion            |       |     2 |     3 |     1 ||     6
       Scroll            |       |       |     6 |     4 ||    10
 Stab: Distracted        |     1 |       |       |       ||     1
       Sleeping          |       |       |     2 |       ||     2
       Betrayed ally     |       |       |     1 |       ||     1
Armor: Skin              |    18 |    32 |   117 |   116 ||   283
Dodge: Dodged            |    42 |    49 |   175 |   191 ||   457

Table legend: (Time is in decaauts)
 A = Elapsed time spent in this place.
 B = Non-inter-level travel time spent in this place.
 C = Inter-level travel time spent in this place.
 D = Time resting spent in this place.
 E = Time spent auto-exploring this place.
 F = Levels seen in this place.
 G = Mean time per level.
                   A        B        C        D        E       F      G
               +--------+--------+--------+--------+--------+-----+--------+
         Total |  11774 |  11316 |    458 |   1625 |   7715 |  12 |  981.2 |
       Dungeon |  10841 |  10383 |    458 |    979 |   7641 |  11 |  985.5 |
        Bailey |    933 |    933 |      0 |    646 |     74 |   1 |  933.0 |
               +--------+--------+--------+--------+--------+-----+--------+

Top non-repeatable levels by time:
     D:4: 1662 daAuts
     D:9: 1650 daAuts
     D:6: 1356 daAuts
    D:10: 1162 daAuts
     D:2: 1113 daAuts
     D:3: 945 daAuts
  Bailey: 933 daAuts
     D:7: 862 daAuts
     D:5: 786 daAuts
     D:1: 751 daAuts
     D:8: 486 daAuts
    D:11: 64 daAuts
